| TOP OF THE 1ST |
|
Dayton Dragons batting - Pitching for Fort Wayne TinCaps : RHP Brice MacKenzie
|
|
Pitching: RHP Brice MacKenzie
|
|
|
Batting: LHB Kelvin Jones
|
0-0: Ball 1-0: Swinging Strike 1-1: Called Strike 1-2: Foul Ball, location: 2F 1-2: TRIPLE (Flyball, 7LD, EV 106.2 MPH)
|
|
Batting: RHB Logan Johnson
|
0-0: Fly out, F7 (Flyball, 7, EV 78.8 MPH)
|
|
Batting: SHB Jaivata Mohanty
|
0-0: Foul Ball, location: 2F 0-1: Ball 1-1: Ball 2-1: Ground out U3 (Groundball, 34, EV 85.0 MPH) Kelvin Jones scores
|
|
Batting: LHB Chris Redhead
|
0-0: Called Strike 0-1: SOLO HOME RUN (Flyball, 89XD, EV 111.9 MPH), Distance : 410 ft
|
|
Batting: LHB Jeremy Robertson
|
0-0: Ground out 5-3 (Groundball, 5, EV 86.9 MPH)
|
| Top of the 1st over - 2 runs, 2 hits, 0 errors, 0 left on base; Dayton 2 - Fort Wayne 0 |
| BOTTOM OF THE 1ST |
|
Fort Wayne TinCaps batting - Pitching for Dayton Dragons : RHP In Bea
|
|
Pitching: RHP In Bea
|
|
|
Batting: RHB Slamet Pamungkas
|
0-0: Ball 1-0: Ball 2-0: Called Strike 2-1: Ground out 5-3 (Groundball, 56S, EV 76.9 MPH)
|
|
Batting: RHB Cesar Ortega
|
0-0: Ball 1-0: Fly out, F7 (Line Drive, 7, EV 91.2 MPH)
|
|
Batting: RHB Devon Dill
|
0-0: Ball 1-0: Ball 2-0: Ground out 5-3 (Groundball, 56, EV 105.0 MPH)
|
| Bottom of the 1st over - 0 runs, 0 hits, 0 errors, 0 left on base; Dayton 2 - Fort Wayne 0 |
| TOP OF THE 2ND |
|
Dayton Dragons batting - Pitching for Fort Wayne TinCaps : RHP Brice MacKenzie
|
|
Batting: RHB Alex Juarez
|
0-0: Called Strike 0-1: Ball 1-1: Ball 2-1: Ground out 5-3 (Groundball, 56, EV 91.2 MPH)
|
|
Batting: LHB Elias Posada
|
0-0: SINGLE (Line Drive, 6MD, EV 100.6 MPH)
|
|
Batting: RHB Gabriel Arias
|
0-0: Ball 1-0: Fly out, F8 (Flyball, 8RXD, EV 101.9 MPH)
|
|
Batting: RHB John Hopkins
|
0-0: Bunted foul 0-1: Ground out 5-3 (Groundball, 56, EV 98.1 MPH)
|
| Top of the 2nd over - 0 runs, 1 hit, 0 errors, 1 left on base; Dayton 2 - Fort Wayne 0 |
| BOTTOM OF THE 2ND |
|
Fort Wayne TinCaps batting - Pitching for Dayton Dragons : RHP In Bea
|
|
Batting: RHB John Freeman
|
0-0: Hit by Pitch
|
|
Batting: RHB Bill Vives
|
0-0: Called Strike 0-1: Foul Ball, location: 2F 0-2: Ball 1-2: Foul Ball, location: 2F 1-2: Ball 2-2: Ball 3-2: Foul Ball, location: 2F 3-2: Base on Balls John Freeman to second
|
|
Batting: RHB Gary Horgan
|
0-0: Called Strike 0-1: Foul Ball, location: 2F 0-2: Foul Ball, location: 2F 0-2: Grounds into double play, 5-4-3 (Groundball, 5, EV 80.6 MPH) John Freeman to third
|
|
Batting: RHB Paul Wood
|
0-0: Ball 1-0: Ball 2-0: Foul Ball, location: 2F 2-1: Called Strike 2-2: Ball 3-2: Foul Ball, location: 2F 3-2: Strikes out swinging
|
| Bottom of the 2nd over - 0 runs, 0 hits, 0 errors, 1 left on base; Dayton 2 - Fort Wayne 0 |
| TOP OF THE 3RD |
|
Dayton Dragons batting - Pitching for Fort Wayne TinCaps : RHP Brice MacKenzie
|
|
Batting: LHB Kelvin Jones
|
0-0: Ball 1-0: Ball 2-0: Bunt missed! 2-1: SOLO HOME RUN (Flyball, 9LD, EV 93.8 MPH), Distance : 352 ft
|
|
Batting: RHB Logan Johnson
|
0-0: Called Strike 0-1: Swinging Strike 0-2: Ball 1-2: Fly out, F6 (Popup, 6S, EV 71.9 MPH)
|
|
Batting: SHB Jaivata Mohanty
|
0-0: Ball 1-0: Ball 2-0: Called Strike 2-1: Fly out, F5 (Popup, 5L, EV 60.6 MPH)
|
|
Batting: LHB Chris Redhead
|
0-0: Ball 1-0: Called Strike 1-1: Ball 2-1: Ball 3-1: Called Strike 3-2: DOUBLE (Flyball, 8LXD, EV 95.6 MPH)
|
|
Batting: LHB Jeremy Robertson
|
0-0: Swinging Strike 0-1: Ball 1-1: Ball 2-1: Foul Ball, location: 2F 2-2: Foul Ball, location: 2F 2-2: Ball 3-2: Ground out 4-3 (Groundball, 34, EV 98.8 MPH)
|
| Top of the 3rd over - 1 run, 2 hits, 0 errors, 1 left on base; Dayton 3 - Fort Wayne 0 |
| BOTTOM OF THE 3RD |
|
Fort Wayne TinCaps batting - Pitching for Dayton Dragons : RHP In Bea
|
|
Batting: RHB Dave Cordero
|
0-0: Fly out, F9 (Flyball, 9LM, EV 109.4 MPH)
|
|
Batting: RHB Steve Clark
|
0-0: Ball 1-0: Ball 2-0: Ball 3-0: Base on Balls
|
|
Batting: RHB Slamet Pamungkas
|
0-0: Called Strike 0-1: Ball 1-1: Ball 2-1: Ball 3-1: Foul Ball, location: 2F 3-2: Foul Ball, location: 2F 3-2: Strikes out swinging
|
|
Batting: RHB Cesar Ortega
|
0-0: Ball 1-0: Foul Ball, location: 2F 1-1: Swinging Strike 1-2: Strikes out looking
|
| Bottom of the 3rd over - 0 runs, 0 hits, 0 errors, 1 left on base; Dayton 3 - Fort Wayne 0 |
| TOP OF THE 4TH |
|
Dayton Dragons batting - Pitching for Fort Wayne TinCaps : RHP Brice MacKenzie
|
|
Batting: RHB Alex Juarez
|
0-0: Ball 1-0: Foul Ball, location: 2F 1-1: Called Strike 1-2: Ball 2-2: Fly out, F8 (Flyball, 8RS, EV 96.9 MPH)
|
|
Batting: LHB Elias Posada
|
0-0: SINGLE (Groundball, 56D, EV 108.8 MPH) (infield hit)
|
|
Batting: RHB Gabriel Arias
|
0-0: Swinging Strike 0-1: Called Strike 0-2: Ball 1-2: Foul Ball, location: 2F 1-2: Ball 2-2: Strikes out swinging
|
|
Batting: RHB John Hopkins
|
0-0: Ball 1-0: Ground out 6-3 (Groundball, 6M, EV 108.1 MPH)
|
| Top of the 4th over - 0 runs, 1 hit, 0 errors, 1 left on base; Dayton 3 - Fort Wayne 0 |
| BOTTOM OF THE 4TH |
|
Fort Wayne TinCaps batting - Pitching for Dayton Dragons : RHP In Bea
|
|
Batting: RHB Devon Dill
|
0-0: Ball 1-0: Swinging Strike 1-1: Called Strike 1-2: Ball 2-2: Ground out 6-3 (Groundball, 6, EV 93.8 MPH)
|
|
Batting: RHB John Freeman
|
0-0: Swinging Strike 0-1: Ball 1-1: Foul Ball, location: 2F 1-2: Ball 2-2: Ground out 5-3 (Groundball, 5S, EV 91.2 MPH)
|
|
Batting: RHB Bill Vives
|
0-0: Called Strike 0-1: Foul Ball, location: 2F 0-2: Ball 1-2: Strikes out swinging
|
| Bottom of the 4th over - 0 runs, 0 hits, 0 errors, 0 left on base; Dayton 3 - Fort Wayne 0 |
| TOP OF THE 5TH |
|
Dayton Dragons batting - Pitching for Fort Wayne TinCaps : RHP Brice MacKenzie
|
|
Batting: LHB Kelvin Jones
|
0-0: Fly out, F8 (Flyball, 8LD, EV 81.9 MPH)
|
|
Batting: RHB Logan Johnson
|
0-0: Ball 1-0: Ball 2-0: Called Strike 2-1: DOUBLE (Flyball, 8RXD, EV 99.4 MPH)
|
|
Batting: SHB Jaivata Mohanty
|
0-0: Ball 1-0: Foul Ball, location: 2F 1-1: Ball 2-1: Called Strike 2-2: Foul Ball, location: 2F 2-2: Ball 3-2: Strikes out looking
|
|
Batting: LHB Chris Redhead
|
0-0: Ball 1-0: Called Strike 1-1: Ball 2-1: Ground out 6-3 (Groundball, 4M, EV 84.4 MPH)
|
| Top of the 5th over - 0 runs, 1 hit, 0 errors, 1 left on base; Dayton 3 - Fort Wayne 0 |
| BOTTOM OF THE 5TH |
|
Fort Wayne TinCaps batting - Pitching for Dayton Dragons : RHP In Bea
|
|
Batting: RHB Gary Horgan
|
0-0: Foul Ball, location: 2F 0-1: Foul Ball, location: 2F 0-2: Ball 1-2: Ball 2-2: Strikes out swinging, 2-3 out at first.
|
|
Batting: RHB Paul Wood
|
0-0: SINGLE (Groundball, 3D, EV 108.1 MPH)
|
|
Batting: RHB Dave Cordero
|
0-0: Called Strike 0-1: Called Strike 0-2: Ball 1-2: Foul Ball, location: 2F 1-2: Strikes out looking
|
|
Batting: RHB Steve Clark
|
0-0: Called Strike 0-1: Fly out, F9 (Flyball, 89S, EV 86.9 MPH)
|
| Bottom of the 5th over - 0 runs, 1 hit, 0 errors, 1 left on base; Dayton 3 - Fort Wayne 0 |
| TOP OF THE 6TH |
|
Dayton Dragons batting - Pitching for Fort Wayne TinCaps : RHP Brice MacKenzie
|
|
Batting: LHB Jeremy Robertson
|
0-0: Foul Ball, location: 2F 0-1: Ball 1-1: Ball 2-1: Ground out 1-3 (Groundball, 13S, EV 67.5 MPH)
|
|
Batting: RHB Alex Juarez
|
0-0: Called Strike 0-1: Called Strike 0-2: Ball 1-2: Foul Ball, location: 2F 1-2: Strikes out swinging
|
|
Batting: LHB Elias Posada
|
0-0: Ball 1-0: Ground out 4-3 (Groundball, 4, EV 88.1 MPH)
|
| Top of the 6th over - 0 runs, 0 hits, 0 errors, 0 left on base; Dayton 3 - Fort Wayne 0 |
| BOTTOM OF THE 6TH |
|
Fort Wayne TinCaps batting - Pitching for Dayton Dragons : RHP In Bea
|
|
Batting: RHB Slamet Pamungkas
|
0-0: Ball 1-0: Ball 2-0: Swinging Strike 2-1: Swinging Strike 2-2: Foul Ball, location: 2F 2-2: Strikes out swinging
|
|
Batting: RHB Cesar Ortega
|
0-0: Called Strike 0-1: Ball 1-1: Ground out 5-3 (Groundball, 15, EV 85.0 MPH)
|
|
Batting: RHB Devon Dill
|
0-0: Foul Ball, location: 2F 0-1: Foul Ball, location: 2F 0-2: Ball 1-2: Ball 2-2: Fly out, F3 (Popup, 3L, EV 64.4 MPH)
|
| Bottom of the 6th over - 0 runs, 0 hits, 0 errors, 0 left on base; Dayton 3 - Fort Wayne 0 |
| TOP OF THE 7TH |
|
Dayton Dragons batting - Pitching for Fort Wayne TinCaps : RHP Brice MacKenzie
|
|
Batting: RHB Gabriel Arias
|
0-0: Ball 1-0: Ball 2-0: Ball 3-0: Called Strike 3-1: Base on Balls
|
|
Batting: RHB John Hopkins
|
0-0: Bunted foul 0-1: Sac Bunt to 2R - play at first, batter safe! Gabriel Arias to second
|
|
Pitching: RHP Matt Peck
|
|
|
Batting: LHB Kelvin Jones
|
0-0: Bunted foul 0-1: Bunted foul 0-2: Ball 1-2: Grounds into double play, 4-6-3 (Groundball, 4, EV 101.2 MPH) Gabriel Arias to third
|
|
Batting: RHB Logan Johnson
|
0-0: Called Strike 0-1: Called Strike 0-2: Ground out 4-3 (Groundball, 34, EV 106.2 MPH)
|
| Top of the 7th over - 0 runs, 1 hit, 0 errors, 1 left on base; Dayton 3 - Fort Wayne 0 |
| BOTTOM OF THE 7TH |
|
Fort Wayne TinCaps batting - Pitching for Dayton Dragons : RHP In Bea
|
|
Batting: RHB John Freeman
|
0-0: Ball 1-0: Ball 2-0: Called Strike 2-1: Foul Ball, location: 2F 2-2: Ground out 6-3 (Groundball, 6S, EV 92.5 MPH)
|
|
Batting: RHB Bill Vives
|
0-0: Ball 1-0: Foul Ball, location: 2F 1-1: Single, Error in OF, E8, batter to second base (Groundball, 4MD, EV 96.2 MPH)
|
|
Batting: RHB Gary Horgan
|
0-0: Ball 1-0: Ball 2-0: Ball 3-0: Base on Balls
|
|
Pinch Hitting: LHB Dean Luttman
|
0-0: Ball 1-0: Ball 2-0: Ball 3-0: Base on Balls Bill Vives to third Gary Horgan to second
|
|
Pinch Hitting: LHB Tony Contreras
|
0-0: Foul Ball, location: 2F 0-1: Ball 1-1: Ball 2-1: Ball 3-1: Foul Ball, location: 2F 3-2: Base on Balls Bill Vives scores Gary Horgan to third Dean Luttman to second
|
|
Pitching: LHP Brian Whittall
|
|
|
Batting: RHB Steve Clark
|
0-0: Ball 1-0: Foul Ball, location: 2F 1-1: Foul Ball, location: 2F 1-2: Foul Ball, location: 2F 1-2: Ball 2-2: SINGLE (Groundball, 56D, EV 97.5 MPH) Gary Horgan scores Dean Luttman to third Tony Contreras to second
|
|
Batting: RHB Slamet Pamungkas
|
0-0: Called Strike 0-1: Foul Ball, location: 2F 0-2: Grounds into fielders choice 4-2 (Groundball, 4, EV 101.2 MPH) Tony Contreras to third Steve Clark to second
|
|
Batting: RHB Cesar Ortega
|
0-0: Hit by Pitch Tony Contreras scores Steve Clark to third Slamet Pamungkas to second
|
|
Batting: RHB Devon Dill
|
0-0: Foul Ball, location: 2F 0-1: Fly out, F9 (Flyball, 9, EV 85.6 MPH)
|
| Bottom of the 7th over - 3 runs, 2 hits, 1 error, 3 left on base; Dayton 3 - Fort Wayne 3 |
| TOP OF THE 8TH |
|
Dayton Dragons batting - Pitching for Fort Wayne TinCaps : RHP Matt Peck
|
|
Now at 1B: Dean Luttman
|
|
|
Now in RF: Tony Contreras
|
|
|
Batting: SHB Jaivata Mohanty
|
0-0: Called Strike 0-1: Foul Ball, location: 2F 0-2: Foul Ball, location: 2F 0-2: SINGLE (Line Drive, 56D, EV 107.5 MPH)
|
|
Pitching: LHP Terry LaPlante
|
|
|
Pinch Hitting: RHB Toki Takeuchi
|
0-0: Fielders Choice at 2nd, U4 (Groundball, 6M, EV 82.5 MPH)
|
|
Pinch Hitting: RHB Ernie Maldonado
|
0-0: Called Strike Toki Takeuchi is caught stealing 2nd base 2-4 0-1: Ball 1-1: Foul Ball, location: 2F 1-2: Strikes out swinging
|
| Top of the 8th over - 0 runs, 1 hit, 0 errors, 0 left on base; Dayton 3 - Fort Wayne 3 |
| BOTTOM OF THE 8TH |
|
Fort Wayne TinCaps batting - Pitching for Dayton Dragons : LHP Brian Whittall
|
|
Pitching: LHP Juan Villegas
|
|
|
Now at 2B: Juan Zamora
|
|
|
Now in LF: Elias Posada
|
|
|
Now in CF: Toki Takeuchi
|
|
|
Batting: RHB John Freeman
|
0-0: Ball 1-0: Foul Ball, location: 2F 1-1: Swinging Strike 1-2: SINGLE (Groundball, 56S, EV 72.5 MPH) (infield hit)
|
|
Batting: RHB Bill Vives
|
0-0: Grounds into double play, 4-6-3 (Groundball, 4, EV 90.6 MPH)
|
|
Batting: RHB Gary Horgan
|
0-0: Ball 1-0: SOLO HOME RUN (Flyball, 8LXD, EV 103.1 MPH), Distance : 410 ft
|
|
Batting: LHB Dean Luttman
|
0-0: Ball 1-0: Ball 2-0: Ball 3-0: Base on Balls
|
|
Batting: LHB Tony Contreras
|
0-0: SINGLE (Groundball, 4M, EV 100.0 MPH) (infield hit) Dean Luttman to second
|
|
Pinch Runner at 2nd Jim Miske:
|
|
|
Batting: RHB Steve Clark
|
0-0: Ball 1-0: Called Strike 1-1: Ground out 3-1 (Groundball, 34, EV 89.4 MPH)
|
| Bottom of the 8th over - 1 run, 3 hits, 0 errors, 2 left on base; Dayton 3 - Fort Wayne 4 |
| TOP OF THE 9TH |
|
Dayton Dragons batting - Pitching for Fort Wayne TinCaps : LHP Terry LaPlante
|
|
Pitching: LHP Manny Santiago
|
|
|
Now at 1B: Danny Krug
|
|
|
Batting: RHB Alex Juarez
|
0-0: DOUBLE (Line Drive, 8RXD, EV 102.5 MPH)
|
|
Pinch Hitting: RHB Ben Sutton
|
0-0: Called Strike 0-1: Foul Ball, location: 2F 0-2: Foul Ball, location: 2F 0-2: Ball 1-2: Foul Ball, location: 2F 1-2: Ball 2-2: Foul Ball, location: 2F 2-2: Strikes out swinging
|
|
Batting: RHB Gabriel Arias
|
0-0: Called Strike 0-1: Ball 1-1: Swinging Strike 1-2: Strikes out swinging
|
|
Batting: RHB John Hopkins
|
0-0: Ball 1-0: Ball 2-0: Called Strike 2-1: Called Strike 2-2: Foul Ball, location: 2F 2-2: Strikes out looking
|
| Top of the 9th over - 0 runs, 1 hit, 0 errors, 1 left on base; Dayton 3 - Fort Wayne 4 |
|